 Dungeon Crawl Stone Soup version 0.26.0-10-g1f06aea511 (webtiles) character file.

Game seed: 1946046151405083323

755474 Arthanis the Infernalist (level 27, 0/150 HPs)
             Began as a Deep Elf Fire Elementalist on Jan 14, 2021.
             Was the Champion of Vehumet.
             Killed from afar by Haitsiopt's ghost (58 damage)
             ... with a great icy blast
             ... on level 26 of a ziggurat on Jan 15, 2021.
             The game lasted 03:45:12 (62270 turns).

Arthanis the Infernalist (DEFE)                    Turns: 62270, Time: 03:45:12

Health: 0/150      AC: 13    Str:  8    XL:     27
Magic:  66/83      EV: 25    Int: 46    God:    Vehumet [******]
Gold:   3069       SH:  9    Dex: 18    Spells: 22/80 levels left

rFire    + . .     SeeInvis .   E - +8 dagger "Osoluepoa" {vamp, Will+ MP+9 Str+3 Int+3}
rCold    + . .     Faith    .   Y - +3 buckler {rN+}
rNeg     + + +     Spirit   .   r - +2 robe {rC+ rF+}
rPois    +         Reflect  .   U - +2 hat {Int+3}
rElec    +         Harm     .   D - scarf {repulsion}
rCorr    .         Rampage  .   Q - +2 pair of gloves {Dex+3}
Will     ++...                  W - +2 pair of boots {run}
Stlth    ++++++....             Z - amulet "Kizer" {RegenMP Stlth+}
HPRegen  0.35/turn              y - ring "Umyalail" {rElec rN++ Will- MP+9 Int+6}
MPRegen  0.73/turn              X - ring "Cyamyix" {*Corrode rPois MP+9 Slay+6}

@: brilliant, frozen, hasted, studying Necromancy, repel missiles, quick
A: no striking features
}: 4/15 runes: barnacled, slimy, silver, gossamer
a: Renounce Religion


You were on level 26 of a ziggurat.
You worshipped Vehumet.
Vehumet was exalted by your worship.
You visited 11 branches of the dungeon, and saw 53 of its levels.
You visited 1 bazaar.
You visited 1 ziggurat, and saw 26 of its levels.
You also visited: Sewer, Ice Cave and Wizlab.

You collected 7713 gold pieces.
You spent 4644 gold pieces at shops.

Inventory:

Hand Weapons
 b - the +9 staff of Wucad Mu {channel}
   (You acquired it on level 4 of the Spider Nest)
 E - the +8 dagger "Osoluepoa" (weapon) {vamp, Will+ MP+9 Str+3 Int+3}
   (You took it off a deep elf demonologist on level 3 of the Elven Halls)

   It inflicts no extra harm, but heals its wielder when it wounds a living foe.
   It affects your strength (+3).
   It affects your intelligence (+3).
   It affects your willpower, your defense against some magical effects.
   It affects your magic capacity (+9).
Armour
 l - the +2 cloak of the Thief {*Fog Slay-2 SInv Stlth+}
   (You found it on level 13 of a ziggurat)

   It affects your accuracy and damage with ranged weapons and melee attacks
   (-2).
   It lets you see invisible.
   It makes you more stealthy.
 r - a +2 robe of resistance (worn)
 D - a scarf of repulsion (worn)
 Q - a +2 pair of gloves of dexterity (worn)
 U - a +2 hat of intelligence (worn)
 W - a +2 pair of boots of running (worn)
 Y - a +3 buckler of positive energy (worn)
Magical Staves
 o - an uncursed staff of fire
Jewellery
 k - an uncursed ring of wizardry
 p - the ring "Vetug" {MP+9 Stlth+}
   (You found it on level 14 of a ziggurat)

   [ring of magical power]

   It affects your magic capacity (+9).
   It makes you more stealthy.
 t - an uncursed ring of see invisible
 y - the ring "Umyalail" (left hand) {rElec rN++ Will- MP+9 Int+6}
   (You found it on level 24 of a ziggurat)

   [ring of intelligence]

   It affects your intelligence (+6).
   It insulates you from electricity.
   It greatly protects you from negative energy.
   It affects your willpower, your defense against some magical effects.
   It affects your magic capacity (+9).
 F - the ring of the Lily {+Fly rPois rC+++ Dex-5}
   (You found it on level 22 of a ziggurat)

   [ring of flight]

   It affects your dexterity (-5).
   It renders you almost immune to cold.
   It protects you from poison.
   It lets you fly.
 J - the amulet "Xatufude" {RegenMP rElec Str+2}
   (You found it on level 21 of a ziggurat)

   [amulet of magic regeneration]

   It increases your magic regeneration.
   It affects your strength (+2).
   It insulates you from electricity.
 L - an uncursed ring of fire
 P - the ring "Kakkeich" {rElec rF+ rCorr Int+2}
   (You found it on level 14 of a ziggurat)

   [ring of resist corrosion]

   It affects your intelligence (+2).
   It protects you from fire.
   It insulates you from electricity.
   It provides partial protection from all sources of acid and corrosion.
 V - the ring of Shadows {Umbra +Inv Stlth+}
   (You found it on level 8 of a ziggurat)

   [ring of stealth]

   It lets you turn invisible.
   It makes you more stealthy.
 X - the ring "Cyamyix" (right hand) {*Corrode rPois MP+9 Slay+6}
   (You found it on level 5 of the Pits of Slime)

   [ring of magical power]

   It affects your accuracy and damage with ranged weapons and melee attacks
   (+6).
   It protects you from poison.
   It affects your magic capacity (+9).
   It may corrode you when you take damage.
 Z - the amulet "Kizer" (around neck) {RegenMP Stlth+}
   (You found it on level 17 of a ziggurat)

   [amulet of magic regeneration]

   It increases your magic regeneration.
   It makes you more stealthy.
Wands
 a - a wand of iceblast (88)
 B - a wand of acid (33)
 O - a wand of disintegration (63)
 T - a wand of digging (2)
Scrolls
 c - 8 scrolls of immolation
 e - 7 scrolls of magic mapping
 i - 36 scrolls of remove curse
 m - 22 scrolls of teleportation
 u - 3 scrolls of fear
 x - 9 scrolls of identify
 z - 8 scrolls of silence
 G - 9 scrolls of amnesia
 K - 10 scrolls of holy word
 M - 21 scrolls of fog
 R - 2 scrolls of blinking
Potions
 d - 23 potions of curing
 f - 7 potions of ambrosia
 g - 7 potions of resistance
 h - 6 potions of might
 j - 7 potions of lignification
 n - 3 potions of haste
 q - 2 potions of cancellation
 s - 4 potions of flight
 w - 5 potions of magic
 A - 11 potions of heal wounds
 C - 3 potions of brilliance
 N - 2 potions of invisibility
 S - 18 potions of mutation
Books
 I - a manual of Necromancy
Miscellaneous
 v - a lightning rod (4/4)
 H - a box of beasts


   Skills:
 + Level 9.4 Fighting
 + Level 8.5 Armour
 - Level 16.0 Dodging
 + Level 11.3 Stealth
 - Level 7.0 Shields
 O Level 27 Spellcasting
 O Level 27 Conjurations
 + Level 16.0 Necromancy
 - Level 4.8 Translocations
 O Level 27 Fire Magic
 * Level 14.0 Ice Magic
 - Level 20.0 Air Magic
 + Level 13.2 Evocations


You had 22 spell levels left.
You knew the following spells:

 Your Spells              Type           Power        Failure   Level
a - Orb of Destruction    Conj           84%          0%          7
b - Sublimation of Blood  Necr           71%          0%          2
c - Tornado               Air            76%          1%          9
d - Absolute Zero         Ice            68%          17%         9
e - Shock                 Conj/Air       100%         0%          1
f - Fire Storm            Conj/Fire      84%          1%          9
g - Starburst             Conj/Fire      84%          0%          6
h - Iskenderun's Battles  Conj           100%         0%          5
i - Blink                 Tloc           N/A          1%          2
k - Ignition              Fire           84%          0%          8

Your spell library contained the following spells:

 Spells                   Type           Power        Failure   Level
 Lehudib's Crystal Spear  Conj/Erth      68%          1%          8
 Animate Skeleton         Necr           100%         0%          1
 Foxfire                  Conj/Fire      100%         0%          1
 Magic Dart               Conj           100%         0%          1
 Pain                     Necr           100%         0%          1
 Corpse Rot               Necr/Air       N/A          0%          2
 Poisonous Vapours        Pois/Air       100%         0%          2
 Searing Ray              Conj           100%         0%          2
 Swiftness                Air            100%         0%          2
 Conjure Flame            Conj/Fire      100%         0%          3
 Dazzling Flash           Conj/Hex       100%         0%          3
 Ignite Poison            Fire/Tmut/Pois 100%         0%          3
 Inner Flame              Hex/Fire       100%         0%          3
 Mephitic Cloud           Conj/Pois/Air  100%         0%          3
 Static Discharge         Conj/Air       100%         0%          3
 Stone Arrow              Conj/Erth      100%         0%          3
 Vampiric Draining        Necr           71%          0%          3
 Airstrike                Air            76%          0%          4
 Animate Dead             Necr           71%          0%          4
 Dispel Undead            Necr           100%         0%          4
 Fulminant Prism          Conj/Hex       68%          0%          4
 Hailstorm                Conj/Ice       100%         0%          4
 Iskenderun's Mystic Bla  Conj/Tloc      100%         0%          4
 Sticky Flame             Conj/Fire      100%         0%          4
 Agony                    Necr           100%         0%          5
 Bolt of Magma            Conj/Fire/Erth 74%          0%          5
 Excruciating Wounds      Necr           71%          0%          5
 Fireball                 Conj/Fire      84%          0%          5
 Irradiate                Conj/Tmut      68%          0%          5
 Lightning Bolt           Conj/Air       80%          0%          5
 Conjure Ball Lightning   Conj/Air       80%          0%          6
 Freezing Cloud           Conj/Ice/Air   77%          0%          6
 Apportation              Tloc           100%         1%          1
 Beastly Appendage        Tmut           100%         1%          1
 Corona                   Hex            83%          1%          1
 Sandblast                Erth           100%         1%          1
 Sting                    Tmut/Pois      100%         1%          1
 Summon Small Mammal      Summ           100%         1%          1
 Call Imp                 Summ           75%          1%          2
 Ensorcelled Hibernation  Hex/Ice        100%         1%          2
 Passwall                 Tmut/Erth      62%          1%          2
 Slow                     Hex            75%          1%          2
 Wereblood                Tmut           75%          1%          2
 Confusing Touch          Hex            75%          1%          3
 Gell's Gravitas          Tloc           51%          1%          3
 Portal Projectile        Hex/Tloc       100%         1%          3
 Spider Form              Tmut/Pois      37%          1%          3
 Tukima's Dance           Hex            75%          1%          3
 Cause Fear               Hex            37%          1%          4
 Ice Form                 Ice/Tmut       100%         1%          4
 Olgreb's Toxic Radiance  Pois           75%          1%          4
 Passage of Golubria      Tloc           N/A          1%          4
 Petrify                  Tmut/Erth      75%          1%          4
 Summon Lightning Spire   Summ/Air       100%         1%          4
 Borgnjor's Vile Clutch   Necr/Erth      58%          1%          5
 Lee's Rapid Deconstruct  Erth           37%          1%          5
 Metabolic Englaciation   Hex/Ice        56%          1%          5
 Silence                  Hex/Air        62%          1%          5
 Yara's Violent Unravell  Hex/Tmut       37%          1%          5
 Death Channel            Necr           71%          1%          6
 Iron Shot                Conj/Erth      68%          1%          6
 Simulacrum               Ice/Necr       70%          1%          6
 Spellforged Servitor     Conj/Summ      68%          1%          7
 Chain Lightning          Conj/Air       80%          1%          8
 Summon Forest            Summ/Tloc      45%          2%          5
 Dispersal                Tloc           51%          4%          6
 Alistair's Intoxication  Tmut/Pois      50%          5%          5
 Blade Hands              Tmut           37%          5%          5
 Summon Demon             Summ           37%          5%          5
 Summon Mana Viper        Hex/Summ       75%          5%          5
 Eringya's Noxious Bog    Tmut/Pois      37%          9%          6
 Hydra Form               Tmut           37%          30%         6
 Invisibility             Hex            75%          30%         6
 Shadow Creatures         Summ           N/A          30%         6
 Statue Form              Tmut/Erth      50%          30%         6
 Dragon Form              Tmut           37%          86%         7
 Summon Hydra             Summ           37%          86%         7
 Disjunction              Tloc           51%          88%         8
 Discord                  Hex            37%          100%        8
 Dragon's Call            Summ           37%          100%        9


Dungeon Overview and Level Annotations

Branches:
Dungeon (15/15)            Temple (1/1) D:7            Lair (6/6) D:8
 Shoals (4/4) Lair:3       Spider (4/4) Lair:3        Slime (5/5) Lair:6
    Orc (2/2) D:9             Elf (3/3) Orc:2        Vaults (5/5) D:13
  Crypt (3/3) Vaults:3     Depths (5/5) D:15          Sewer (visited)
  IceCv (visited)          WizLab (visited)
   Tomb: Crypt:3        Zot: Depths:5

Altars:
Ashenzari
Cheibriados
Dithmenos
Elyvilon
Fedhas
Gozag
Hepliaklqana
Kikubaaqudgha
Makhleb
Nemelex Xobeh
Okawaru
Qazlal
Ru
Sif Muna
Trog
Uskayaw
Vehumet
Wu Jian
Xom
Yredelemnul
Zin
The Shining One

Shops:
D:4 :   Orc:2 :[!*   Vaults:2 (   Depths:3 *   Depths:5 }==:

Portals:
Hell: Depths:1 Depths:2 Depths:3 Depths:4
Abyss: Depths:2 Depths:3 Depths:4
Pandemonium: Depths:2 Depths:3
Trove: Depths:1 (give 13 potions of heal wounds)

Annotations:
D:5 3 runed translucent doors, Killmatronix's ghost, novice OpHu; Raspi's ghost, weakling GrDe
D:7 2 runed translucent doors
D:10 1 runed translucent door
Vaults:4 1 runed translucent door, Zonian's ghost, adept HOFi
Depths:1 1 transporter, exclusion: orange crystal statue, Arum's ghost, veteran FoFi; Jeko's ghost, adept TrMo
Depths:2 3 runed translucent doors, Pikuto's ghost, adept MiBe
Zig:26 Vuopse's ghost, legendary GnIE; blexxed's ghost, legendary DsFi; frimble's ghost, legendary GrFi


Message History

The great icy blast engulfs your fire vortex!!!!
Your fire vortex is frozen!
Your fire vortex dissipates!
The great icy blast engulfs your fire vortex!!!!
Your fire vortex is frozen!
Your fire vortex dissipates!
The great icy blast engulfs your fire vortex!!!!
Your fire vortex is frozen!
Your fire vortex dissipates!
The great icy blast engulfs your fire vortex!!!!
Your fire vortex is frozen!
Your fire vortex dissipates!
The great icy blast engulfs your fire vortex!!!!!
Your fire vortex is frozen!
Your fire vortex dissipates!
The great icy blast engulfs the phantasmal warrior!!!
The phantasmal warrior partially resists.
The phantasmal warrior is destroyed!
The great icy blast engulfs you!!! You partially resist.
You die...

...........................▓
............○☼°☼...........▓
...........☼○○☼§...........▓
........°○°§§○☼§...........▓
........°°°☼☼☼○§...........▓
........Wv°☼§☼○§...........▓
......§.°v○○☼○☼§...........▓
........°○○☼§§§@..........∩▓
........○°○○☼☼○............▓
...*○°§.☼☼☼§☼§☼............▓
..........○§○§○............▓
......§v)..v§○○............▓
........[.vv.○☼............▓
........°§v................▓
...........................▓


You could see frimble's ghost and 6 friendly fire vortices.

Vanquished Creatures
  Dissolution (Slime:2)
  the Royal Jelly (Slime:5)
  10 ancient liches
  The ghost of Shayle the Gnoll Aeon, a legendary GnWz of Cheibriados (Zig:26)
  A juggernaut (Depths:5)
  A royal mummy (Zig:13)
  Boris (twice) (Crypt:1 Depths:5)
  13 Killer Klowns
  The ghost of lmSkywalker the Warrior, an adept DrTm of Okawaru (Zig:23)
  Saint Roka (Elf:2)
  Bai Suzhen (Spider:4)
  A caustic shrike (Depths:3)
  2 curse toes
  7 golden dragons
  6 Brimstone Fiends
  15 pandemonium lords
  A hellephant (Depths:2)
  10 tentacled monstrosities
  3 Hell Sentinels
  Rupert (Lair:4)
  7 liches
  11 titans
  A quicksilver dragon (shapeshifter) (Zig:20)
  3 quicksilver dragons (Vaults:5)
  7 deep elf blademasters
  6 deep elf master archers
  21 acid blobs
  3 ancient champions
  2 sphinxes
  A sphinx (shapeshifter) (Zig:20)
  Kirke (Lair:4)
  11 shadow dragons
  The ghost of Barug the Brawler, an adept TrMo of Nemelex Xobeh (Zig:26)
  6 draconian monks
  6 storm dragons
  20 nagarajas
  4 revenants
  10 tengu reavers
  A fenstrider witch (Zig:12)
  Roxanne (Elf:3)
  9 draconian knights
  13 azure jellies
  9 fire giants
  Aizul (Spider:4)
  4 juggernaut zombies
  8 draconian scorchers
  9 ghost moths
  An iron dragon (shapeshifter) (Zig:20)
  18 vault wardens
  2 caustic shrike zombies
  9 deep elf sorcerers
  An iron dragon (Vaults:5)
  12 emperor scorpions
  8 frost giants
  An emperor scorpion (shapeshifter) (Depths:4)
  7 balrugs
  A cacodemon (Zig:6)
  2 orc warlords
  4 draconian stormcallers
  12 ghouls
  6 draconian shifters
  9 curse skulls
  6 deep elf elementalists
  9 war gargoyles
  7 large abominations
  11 reapers
  Louise (Spider:4)
  A caustic shrike skeleton (Depths:3)
  2 spriggan defenders
  9 ironheart preservers
  16 stone giants
  5 draconian annihilators
  A juggernaut skeleton (Zig:16)
  8 very ugly things
  6 black draconians
  2 green draconians (Zig:15)
  A corrupter (Zig:3)
  15 vampire knights
  7 black suns
  18 dire elephants
  2 minotaurs (shapeshifter) (Zig:20)
  6 yellow draconians
  4 purple draconians
  2 red draconians (Zig:21)
  A dire elephant (shapeshifter) (Zig:20)
  5 white draconians
  13 deep elf demonologists
  9 entropy weavers
  16 deep elf annihilators
  A bunyip (Zig:12)
  4 lorocyprocas (Depths:4)
  7 spark wasps
  Snorg (Lair:4)
  3 quicksilver dragon zombies
  3 merfolk javelineers
  A green death (Zig:12)
  8 death oozes
  2 crystal guardians (Depths:4)
  6 eidola
  4 merfolk impalers
  13 deep elf death magi
  16 ettins
  7 mummy priests
  3 fire dragons
  14 yaktaur captains
  Josephine (Orc:1)
  11 deep elf high priests
  An eleionoma (shapeshifter) (Zig:20)
  11 jiangshi
  Fannar (Orc:1)
  38 vault guards
  2 boulder beetles
  A shambling mangrove (Zig:18)
  A hell beast (Zig:20)
  Harold (Orc:1)
  2 rakshasas (Depths:2)
  9 great orbs of eyes
  18 hydras
  An anaconda (shapeshifter) (Depths:3)
  2 anacondas
  A naga warrior (Zig:17)
  A hydra (shapeshifter) (Zig:24)
  5 ice dragons
  2 merfolk avatars
  17 two-headed ogres
  4 spriggan air magi
  4 alligator snapping turtles
  4 centaur warriors
  A juggernaut simulacrum (Depths:4)
  2 ghost crabs
  3 merfolk aquamancers (Shoals:4)
  Erica (Lair:2)
  A two-headed ogre (shapeshifter) (Vaults:2)
  3 death scarabs (Zig:13)
  12 vampire magi
  7 deep troll shamans
  38 dancing weapons
  6 death knights
  7 ogre magi
  2 orc high priests
  10 death yaks
  2 naga sharpshooters (Zig:17)
  10 deep troll earth magi
  A death yak (shapeshifter) (Zig:20)
  5 tengu warriors
  3 hell hogs
  2 titan zombies
  40 deep elf knights
  3 spriggan berserkers
  2 storm dragon zombies
  Sonja (Orc:1)
  5 soul eaters
  An iron golem (Zig:16)
  A wretched star (Zig:6)
  2 iron trolls
  5 shadow wraiths
  40 skeletal warriors
  A bunyip zombie (Crypt:1)
  A salamander mystic (Zig:17)
  A fire crab (shapeshifter) (Depths:3)
  5 hell knights
  4 titan skeletons
  4 spriggan druids
  An entropy weaver zombie (Crypt:1)
  16 deep trolls
  11 flayed ghosts
  2 golden dragon zombies
  3 glowing orange brains
  11 sea snakes
  3 swamp dragons
  7 unseen horrors
  4 wizards
  A tengu zombie (Zig:22)
  A death drake (Zig:12)
  2 death drakes (shapeshifter)
  3 orange crystal statues
  4 storm dragon skeletons
  An unseen horror (shapeshifter) (Vaults:3)
  3 golden dragon skeletons
  An anaconda skeleton (Crypt:1)
  A swamp dragon (shapeshifter) (Depths:2)
  4 obsidian statues
  17 ironbrand convokers
  5 bog bodies
  2 shadow demons
  2 harpies (shapeshifter)
  A shadow dragon zombie (Zig:5)
  3 naga ritualists
  23 deep elf archers
  10 orc knights
  25 phantasmal warriors
  2 mana vipers (Zig:17)
  10 harpies
  4 iron dragon zombies
  14 wolf spiders
  2 stone giant zombies
  7 necromancers
  2 will-o-the-wisps (Zig:12)
  2 frost giant zombies
  A sphinx zombie (Crypt:2)
  12 ugly things
  6 shining eyes
  104 deep elf magi
  A fire giant zombie (Crypt:3)
  A shadow dragon skeleton (Crypt:3)
  2 wolf spider zombies
  A mana viper (shapeshifter) (Zig:14)
  2 wolf spiders (shapeshifter)
  10 manticores
  16 orb spiders
  17 fauns
  9 orc sorcerers
  10 cyclopes
  A salamander (Depths:2)
  4 moths of wrath
  2 sphinx skeletons (Zig:22)
  A shock serpent zombie (Crypt:3)
  An elephant (shapeshifter) (Depths:4)
  A water nymph (shapeshifter) (Depths:2)
  10 merfolk sirens
  3 iron dragon skeletons
  7 water nymphs
  4 torpor snails
  An apocalypse crab (Zig:14)
  3 guardian serpents
  14 vault sentinels
  2 ice statues
  16 rust devils
  A frost giant skeleton (D:15)
  A smoke demon (Depths:3)
  11 elephants (Lair:6)
  12 black mambas
  5 centaur zombies
  18 cane toads
  8 naga magi
  An orange demon (Depths:3)
  A gargoyle (D:15)
  3 spriggan zombies
  10 hellions
  Maggie (D:9)
  9 elf zombies
  3 eyes of devastation
  A yaktaur zombie (Vaults:3)
  A rime drake (Lair:6)
  3 demonic crawlers (Spider:4)
  10 komodo dragons
  4 ice devils
  11 tormentors
  21 freezing wraiths
  42 yaktaurs
  A death yak skeleton (Crypt:3)
  15 guardian mummies
  A pale draconian zombie (Crypt:3)
  A komodo dragon (shapeshifter) (Vaults:3)
  An ancient zyme (Zig:6)
  7 elf skeletons
  A harpy zombie (Crypt:3)
  3 polar bears
  3 tengu conjurers
  5 red devils
  A catoblepas skeleton (Crypt:3)
  A troll (shapeshifter) (Zig:19)
  A merfolk (shapeshifter) (Zig:24)
  8 trolls
  3 wind drakes
  23 jumping spiders
  18 merfolk
  A tengu simulacrum (Depths:3)
  9 hornets
  A sphinx simulacrum (Depths:3)
  2 ice dragon zombies
  An ettin zombie (Crypt:2)
  A deep troll zombie (D:15)
  A fire dragon zombie (Crypt:1)
  2 stone giant simulacra
  8 dream sheep (Shoals:1)
  2 snapping turtles (shapeshifter)
  An alligator zombie (Crypt:3)
  20 blink frogs
  103 slime creatures
  12 snapping turtles
  7 flying skulls
  A shadow (D:15)
  A frost giant simulacrum (Crypt:2)
  A redback (shapeshifter) (Zig:24)
  4 air elementals
  2 wyverns
  62 redbacks
  2 spriggans (Depths:3)
  13 water elementals
  A black mamba zombie (Crypt:3)
  4 ushabtiu
  2 yaks (shapeshifter)
  An ettin skeleton (Depths:3)
  16 wraiths
  2 vampires
  73 yaks
  15 tarantellas
  3 hogs (Lair:4)
  3 basilisks
  6 golden eyes
  A human (shapeshifter) (Zig:14)
  5 fire elementals
  5 vampire mosquitoes
  6 chaos spawn
  Menkaure (D:6)
  9 wargs
  5 nagas
  A water nymph zombie (Crypt:3)
  A soldier ant (D:15)
  8 hell hounds
  An acid dragon (D:13)
  A swamp drake (D:9)
  13 water moccasins
  40 orc warriors
  A snapping turtle zombie (Crypt:3)
  Purgy (Sewer)
  7 ice beasts
  A black bear (D:9)
  5 eyes of draining
  7 phantoms
  A swamp dragon zombie (Crypt:3)
  5 necrophages
  4 sky beasts
  2 eyes of draining (shapeshifter)
  27 ogres
  13 wolves
  A swamp dragon skeleton (Crypt:3)
  16 centaurs
  A manticore zombie (Crypt:3)
  A blink frog skeleton (Crypt:3)
  6 big kobolds
  24 bullfrogs
  9 earth elementals
  A komodo dragon skeleton (Crypt:1)
  A wyvern skeleton (D:11)
  3 scorpions
  2 water moccasin zombies
  A polar bear zombie (Crypt:2)
  8 troll zombies (WizLab)
  5 killer bees
  11 wights
  An elephant simulacrum (IceCv)
  A snapping turtle simulacrum (Crypt:2)
  5 electric eels
  7 howler monkeys
  A crimson imp (Zig:16)
  2 bullfrog zombies
  4 draconian simulacra (IceCv)
  3 centaur skeletons
  16 jellies
  34 orc priests
  7 hounds
  10 iron imps (Zig:25)
  3 iguanas
  36 orc wizards
  14 worker ants
  2 polar bear simulacra (IceCv)
  A spriggan simulacrum (IceCv)
  5 troll simulacra (IceCv)
  9 small abominations
  A wolf simulacrum (IceCv)
  5 centaur simulacra (IceCv)
  A killer bee zombie (D:7)
  5 ogre zombies (WizLab)
  An acid dragon skeleton (Crypt:1)
  An ogre skeleton (Crypt:2)
  4 tengu skeletons
  2 hound zombies
  2 hound skeletons (D:8)
  20 mummies
  A worker ant zombie (D:7)
  2 naga simulacra (IceCv)
  6 gnolls
  A howler monkey skeleton (Crypt:2)
  11 adders
  3 ogre simulacra (IceCv)
  A steam dragon skeleton (Crypt:2)
  26 white imps
  An ufetubus (D:7)
  3 oozes (D:3)
  A lava snake skeleton (Crypt:1)
  An adder skeleton (D:8)
  An iguana skeleton (Crypt:1)
  5 worms
  A barachi zombie (Crypt:1)
  4 dart slugs
  2 leopard geckos
  109 orcs
  6 bats
  4 giant cockroaches
  7 goblins
  8 hobgoblins
  14 jackals
  40 kobolds
  5 quokkas
  3 ball pythons
  4 frilled lizards
  A gnoll skeleton (Crypt:1)
  An orc zombie (Crypt:1)
  4 rats
  4 bushes
  2 crawling corpses (Elf:3)
  84 fire vortices
2949 creatures vanquished.

Vanquished Creatures (collateral kills)
  A golden dragon (Zig:24)
  A lich (Depths:3)
  3 acid blobs
  An ancient champion (WizLab)
  Agnes (Spider:4)
  A draconian monk (Zig:21)
  3 nagarajas
  A shadow dragon (Vaults:5)
  A draconian knight (Zig:21)
  A frost giant (Depths:5)
  A ghoul (Crypt:3)
  A draconian annihilator (Zig:21)
  A very ugly thing (Zig:20)
  A draconian shifter (Zig:21)
  A reaper (Zig:25)
  A stone giant (Vaults:3)
  2 war gargoyles
  A stone giant (shapeshifter) (Zig:20)
  A vampire knight (Crypt:3)
  A deep elf demonologist (Vaults:5)
  2 black draconians (Zig:21)
  2 deep elf annihilators
  A red draconian (Zig:15)
  An ettin (Depths:4)
  An eidolon (Zig:23)
  An eleionoma (shapeshifter) (Depths:4)
  A yaktaur captain (Vaults:4)
  A vault guard (Vaults:1)
  An ice dragon (Vaults:5)
  An alligator (Zig:18)
  A naga sharpshooter (Zig:17)
  A titan zombie (Zig:25)
  4 skeletal warriors
  A spark wasp zombie (Zig:9)
  An ironbrand convoker (Vaults:5)
  A tengu zombie (Zig:25)
  A phantasmal warrior (Crypt:3)
  A deep elf mage (Zig:19)
  2 tengu skeletons
  A manticore (Shoals:1)
  A sphinx skeleton (Zig:16)
  A spriggan zombie (Zig:25)
  A vault sentinel (Vaults:4)
  A yaktaur zombie (Vaults:3)
  A demonic crawler (Spider:4)
  2 jumping spiders (Spider:4)
  6 slime creatures
  A tarantella (Spider:4)
  2 redbacks (Spider:4)
  A wraith (Crypt:3)
  A chaos spawn (Zig:20)
  2 golden eyes (Slime:3)
  A necrophage (Zig:22)
  A human simulacrum (Vaults:3)
  2 orc wizards (Vaults:3)
  8 mummies
  5 orcs
  A kobold (shapeshifter) (Depths:3)
  11 foxfires
100 creatures vanquished.

Vanquished Creatures (others)
  A revenant (Zig:26)
  A curse skull (Zig:26)
  A deep elf annihilator (Zig:19)
  A red draconian (Zig:21)
  A dancing weapon (Zig:19)
  A flying skull (Zig:16)
  An iron imp (Zig:25)
  11 bushes
  1122 fire vortices
  2586 foxfires
  121 fungi
  191 plants
  17 withered plants
4055 creatures vanquished.

Grand Total: 7104 creatures vanquished

Notes
Turn   | Place    | Note
-------+----------+-------------------------------------------
     0 | D:1      | Arthanis the Deep Elf Fire Elementalist began the quest for
                  | the Orb.
     0 | D:1      | Reached XP level 1. HP: 10/10 MP: 6/6
   388 | D:1      | Reached XP level 2. HP: 8/15 MP: 0/8
  1142 | D:2      | Reached XP level 3. HP: 17/19 MP: 1/10
  1355 | D:2      | Found a hide-covered altar of Uskayaw.
  1544 | D:2      | Found a faded altar of an unknown god.
  1769 | D:2      | Found a blossoming altar of Fedhas.
  1769 | D:2      | Found a glowing silver altar of Zin.
  1772 | D:2      | Found a glowing golden altar of the Shining One.
  1774 | D:2      | Found a snail-covered altar of Cheibriados.
  1840 | D:2      | Reached XP level 4. HP: 24/24 MP: 3/11
  2077 | D:2      | Learned a level 3 spell: Conjure Flame
  2082 | D:2      | Learned a level 4 spell: Sticky Flame
  2391 | D:3      | Reached skill level 5 in Fire Magic
  2608 | D:3      | Reached XP level 5. HP: 28/28 MP: 4/13
  2675 | D:3      | Found a glowing drain.
  2679 | Sewer    | Entered a sewer
  2787 | Sewer    | Noticed Purgy
  2792 | Sewer    | Killed Purgy
  2895 | Sewer    | Learned a level 5 spell: Fireball
  2933 | D:3      | Reached XP level 6. HP: 32/32 MP: 3/15
  3362 | D:3      | Reached skill level 5 in Spellcasting
  3962 | D:4      | Found a shadowy altar of Dithmenos.
  4307 | D:4      | Reached XP level 7. HP: 36/36 MP: 8/17
  4509 | D:4      | Found Firchasuv's Book Shoppe.
  4739 | D:5      | Entered Level 5 of the Dungeon
  4901 | D:5      | Found a runed translucent gate.
  4902 | D:5      | Found a runed translucent gate.
  4904 | D:5      | Found a runed translucent gate.
  4908 | D:5      | Noticed Killmatronix's ghost (novice OpHu)
  4908 | D:5      | Noticed Raspi's ghost (weakling GrDe)
  5836 | D:6      | Reached skill level 5 in Conjurations
  5859 | D:6      | Reached XP level 8. HP: 41/41 MP: 5/20
  6451 | D:6      | Noticed Menkaure
  6457 | D:6      | Killed Menkaure
  6734 | D:6      | Found a hazy altar of Hepliaklqana.
  7171 | D:7      | Found a staircase to the Ecumenical Temple.
  7453 | D:7      | Found a large runed translucent door.
  7453 | D:7      | Found a large runed translucent door.
  7544 | D:7      | Reached XP level 9. HP: 41/45 MP: 15/23
  7627 | D:7      | Noticed a six-headed hydra
  7633 | D:7      | Killed a six-headed hydra
  7634 | D:7      | Reached skill level 1 in Fighting
  7634 | D:7      | Reached skill level 10 in Fire Magic
  7634 | D:7      | Reached skill level 1 in Evocations
  7636 | Temple   | Entered the Ecumenical Temple
  7861 | Temple   | Became a worshipper of Vehumet
  7911 | D:7      | Found an iron altar of Okawaru.
  8149 | D:7      | Found a large runed translucent door.
  8149 | D:7      | Found a large runed translucent door.
  8201 | D:7      | Found a sacrificial altar of Ru.
  9466 | D:8      | Reached skill level 5 in Dodging
  9600 | D:8      | Reached XP level 10. HP: 53/53 MP: 20/25
  9708 | D:8      | Found a staircase to the Lair.
  9736 | D:8      | Got a transparent leather armour
  9737 | D:8      | Identified the +1 leather armour "Icsom" {+Fly Int+3 SInv}
                  | (You found it on level 8 of the Dungeon)
  9782 | D:8      | Reached * piety under Vehumet
  9782 | D:8      | Offered knowledge of Shock by Vehumet.
  9786 | D:8      | Learned a level 1 spell: Shock
 10873 | D:9      | Offered knowledge of Searing Ray by Vehumet.
 10898 | D:9      | Reached ** piety under Vehumet
 11153 | D:9      | Found a staircase to the Orcish Mines.
 11472 | D:9      | Found a white marble altar of Elyvilon.
 11607 | D:10     | Entered Level 10 of the Dungeon
 11607 | D:10     | Noticed Maggie
 11614 | D:9      | Killed Maggie
 11704 | D:10     | Found a runed translucent door.
 11710 | D:10     | Noticed a sixfirhy
 11908 | D:10     | Reached skill level 10 in Spellcasting
 12106 | D:10     | Noticed a seven-headed hydra
 12110 | D:10     | Killed a seven-headed hydra
 12146 | D:10     | Offered knowledge of Static Discharge by Vehumet.
 12416 | D:10     | Reached XP level 11. HP: 49/57 MP: 22/27
 12428 | D:10     | Noticed an unseen horror
 12428 | D:10     | Killed an unseen horror
 12439 | D:10     | Reached *** piety under Vehumet
 13482 | D:11     | Offered knowledge of Olgreb's Toxic Radiance by Vehumet.
 14243 | D:11     | Noticed a boulder beetle
 14346 | D:11     | Killed a boulder beetle
 14346 | D:11     | Reached **** piety under Vehumet
 14368 | D:11     | Noticed a cyan ugly thing
 14668 | D:11     | Offered knowledge of Frozen Ramparts by Vehumet.
 15241 | D:11     | Killed a cyan ugly thing
 15511 | D:11     | Noticed a skeletal warrior
 15547 | D:11     | Killed a skeletal warrior
 15777 | D:11     | Found a shimmering altar of Xom.
 15831 | D:12     | Killed an unseen horror
 15832 | D:12     | Reached skill level 10 in Conjurations
 16180 | D:12     | Reached XP level 12. HP: 62/62 MP: 24/30
 16588 | D:12     | Noticed a two-headed ogre
 16594 | D:12     | Killed a two-headed ogre
 16607 | D:12     | Reached ***** piety under Vehumet
 16607 | D:12     | Offered knowledge of Eringya's Noxious Bog by Vehumet.
 17183 | D:12     | Reached skill level 5 in Evocations
 18068 | D:13     | Reached skill level 1 in Armour
 18164 | D:13     | Reached skill level 1 in Shields
 18475 | D:13     | Found a gate to the Vaults.
 18475 | D:13     | Noticed a vault guard
 18475 | D:13     | Noticed a vault guard
 18475 | D:13     | Noticed a vault guard
 18475 | D:13     | Noticed a vault guard
 18475 | D:13     | Noticed a vault guard
 18476 | D:13     | Noticed a vault guard
 18477 | D:13     | Noticed a vault guard
 18729 | D:13     | Killed a vault guard
 18730 | D:13     | Reached skill level 10 in Dodging
 18864 | D:13     | Killed a vault guard
 18946 | D:13     | Killed a vault guard
 18947 | D:13     | Reached skill level 15 in Fire Magic
 19130 | D:13     | Killed a vault guard
 19222 | D:13     | Killed a vault guard
 19383 | D:13     | Killed a vault guard
 19384 | D:13     | Reached XP level 13. HP: 66/66 MP: 19/32
 20620 | D:14     | Learned a level 3 spell: Mephitic Cloud
 20671 | D:14     | Found a gateway to a bazaar.
 21133 | Bazaar   | Entered a bazaar
 21138 | Bazaar   | Found Itar's Antique Armour Shop.
 21174 | Bazaar   | Found Zulevuj's Gadget Shop.
 21196 | Bazaar   | Bought a pair of embroidered boots for 262 gold pieces
 21239 | D:15     | Entered Level 15 of the Dungeon
 21239 | D:15     | Found a staircase to the Depths.
 21434 | D:13     | Offered knowledge of Starburst by Vehumet.
 21442 | D:13     | Learned a level 6 spell: Starburst
 23156 | D:15     | Reached XP level 14. HP: 72/72 MP: 14/34
 23471 | D:15     | Found a sparkling altar of Nemelex Xobeh.
 24202 | Orc:1    | Entered Level 1 of the Orcish Mines
 24202 | Orc:1    | Noticed Josephine
 24206 | Orc:1    | Noticed Fannar
 24207 | Orc:1    | Killed Josephine
 24211 | Orc:1    | Killed Fannar
 24497 | Orc:2    | Entered Level 2 of the Orcish Mines
 24511 | Orc:1    | Noticed Harold
 24511 | Orc:1    | Noticed Sonja
 24517 | Orc:1    | Killed Sonja
 24739 | Orc:1    | Noticed an orc warlord
 24791 | Orc:1    | Killed an orc warlord
 24795 | Orc:1    | Killed Harold
 25174 | Orc:2    | Found a staircase to the Elven Halls.
 25384 | Orc:2    | Offered knowledge of Ozocubu's Refrigeration by Vehumet.
 26139 | Orc:2    | Found Fisoyn's Book Shoppe.
 26139 | Orc:2    | Found Osuijaoff's Distillery.
 26140 | Orc:2    | Found Hoschu's General Store.
 26143 | Orc:2    | Found Hyjaf's Armour Shoppe.
 26147 | Orc:2    | Bought a +2 hat of intelligence for 231 gold pieces
 26159 | Orc:2    | Bought a scroll of torment for 90 gold pieces
 26159 | Orc:2    | Bought 2 potions of curing for 72 gold pieces
 26159 | Orc:2    | Bought a potion of mutation for 96 gold pieces
 26162 | Orc:2    | Bought a potion of invisibility for 120 gold pieces
 26162 | Orc:2    | Bought a potion of curing for 45 gold pieces
 26162 | Orc:2    | Bought a potion of curing for 45 gold pieces
 26162 | Orc:2    | Bought a potion of magic for 120 gold pieces
 26162 | Orc:2    | Bought a potion of ambrosia for 120 gold pieces
 26469 | Lair:1   | Entered Level 1 of the Lair of Beasts
 27933 | Lair:2   | Found a frozen archway.
 27988 | IceCv    | Entered an ice cave
 28167 | IceCv    | Offered knowledge of Iskenderun's Battlesphere by Vehumet.
 28178 | IceCv    | Learned a level 5 spell: Iskenderun's Battlesphere
 28406 | IceCv    | Found an ancient bone altar of Kikubaaqudgha.
 29479 | Lair:2   | Reached XP level 15. HP: 74/80 MP: 24/35
 29615 | Lair:2   | Reached skill level 15 in Spellcasting
 29902 | Lair:2   | Noticed Erica
 29905 | Lair:2   | Killed Erica
 30433 | Lair:3   | Offered knowledge of Lightning Bolt by Vehumet.
 30607 | Lair:3   | Found a hole to the Spider Nest.
 30771 | Lair:3   | Found a staircase to the Shoals.
 31682 | Lair:4   | Noticed Snorg
 31685 | Lair:4   | Noticed Kirke
 32186 | Lair:4   | Noticed Rupert
 32214 | Lair:4   | Killed Rupert
 32641 | Lair:4   | Killed Snorg
 32719 | Lair:4   | Killed Kirke
 33512 | Lair:5   | Offered knowledge of Yara's Violent Unravelling by Vehumet.
 34117 | Lair:5   | Found an ancient bone altar of Kikubaaqudgha.
 34403 | Lair:6   | Entered Level 6 of the Lair of Beasts
 35189 | Lair:6   | Reached XP level 16. HP: 84/84 MP: 25/38
 35504 | Lair:6   | Found a staircase to the Slime Pits.
 36438 | Lair:6   | Learned a level 4 spell: Iskenderun's Mystic Blast
 36726 | D:4      | Bought a book of Air for 490 gold pieces
 36731 | D:4      | Learned a level 4 spell: Airstrike
 36918 | Orc:2    | Bought a book of Fire for 1170 gold pieces
 36930 | Orc:2    | Learned a level 8 spell: Ignition
 36976 | Elf:1    | Entered Level 1 of the Elven Halls
 37152 | Elf:1    | Reached skill level 1 in Air Magic
 37486 | Elf:1    | Reached skill level 5 in Air Magic
 37792 | Elf:1    | Offered knowledge of Chain Lightning by Vehumet.
 38198 | Elf:1    | Reached skill level 10 in Evocations
 39768 | Elf:2    | Learned a level 1 spell: Magic Dart
 39926 | Elf:2    | Reached XP level 17. HP: 88/88 MP: 32/40
 40363 | Elf:2    | Found a runed translucent gate.
 40363 | Elf:2    | Found a runed translucent gate.
 40364 | Elf:2    | Found a runed translucent gate.
 40798 | Elf:3    | Entered Level 3 of the Elven Halls
 40839 | Elf:3    | Identified a scroll of acquirement
 40840 | Elf:3    | Acquired the ring "Ugha" {rPois Int+6}
 40861 | Elf:3    | Reached ****** piety under Vehumet
 41161 | Elf:3    | Reached skill level 15 in Conjurations
 41440 | Elf:3    | Offered knowledge of Lehudib's Crystal Spear by Vehumet.
 41440 | Elf:3    | Offered knowledge of Fire Storm by Vehumet.
 41440 | Elf:3    | Offered knowledge of Tornado by Vehumet.
 41462 | Elf:3    | Learned a level 9 spell: Fire Storm
 41462 | Elf:3    | HP: 1/88 [something (10)]
 41812 | Elf:3    | Noticed Roxanne
 42807 | Elf:3    | Identified the +4 battleaxe "Raedit" {vamp, rF- Will+ Str+3
                  | Dex+5}
 42941 | Elf:3    | Noticed a deep elf master archer
 42941 | Elf:3    | Identified the +8 dagger "Osoluepoa" {vamp, Will+ MP+9
                  | Str+3 Int+3}
 42948 | Elf:3    | Killed a deep elf master archer
 43130 | Elf:3    | Noticed a deep elf blademaster
 43135 | Elf:3    | Killed a deep elf blademaster
 43336 | Elf:3    | Reached XP level 18. HP: 94/94 MP: 33/42
 43542 | Elf:3    | Identified Ygybor's Disquisition on the Birds
 43560 | Elf:3    | Learned a level 7 spell: Orb of Destruction
 43977 | Elf:3    | Killed Roxanne
 44053 | Elf:2    | Noticed Saint Roka
 44058 | Elf:2    | Killed Saint Roka
 45247 | Spider:1 | Entered Level 1 of the Spider Nest
 45636 | Spider:2 | Learned a level 2 spell: Sublimation of Blood
 46060 | Spider:4 | Entered Level 4 of the Spider Nest
 46069 | Spider:4 | Noticed Louise
 46070 | Spider:4 | Reached skill level 1 in Necromancy
 46074 | Spider:4 | Killed Louise
 46149 | Spider:4 | Noticed Agnes
 46150 | Spider:4 | Killed Agnes
 46168 | Spider:4 | Noticed Aizul
 46175 | Spider:4 | Killed Aizul
 46314 | Spider:4 | Noticed Bai Suzhen
 46318 | Spider:4 | Killed Bai Suzhen
 46341 | Spider:4 | Reached XP level 19. HP: 81/98 MP: 30/44
 46408 | Spider:4 | Acquired the +9 staff of Wucad Mu {channel}
 46409 | Spider:4 | Found the +9 staff of Wucad Mu {channel}
 46841 | Spider:4 | Got a gossamer rune of Zot
 47157 | Shoals:1 | Entered Level 1 of the Shoals
 47163 | Shoals:1 | Reached skill level 5 in Necromancy
 48368 | Shoals:4 | Entered Level 4 of the Shoals
 48939 | Shoals:4 | Got a barnacled rune of Zot
 49143 | Slime:1  | Entered Level 1 of the Pits of Slime
 49247 | Slime:1  | HP: 4/98 [acid (17)]
 49337 | Slime:1  | Reached XP level 20. HP: 28/103 MP: 28/46
 49615 | Slime:2  | Noticed Dissolution
 49619 | Slime:2  | Killed Dissolution
 49861 | Slime:5  | Entered Level 5 of the Pits of Slime
 49878 | Slime:5  | Noticed the Royal Jelly
 49881 | Slime:5  | Killed the Royal Jelly
 50112 | Slime:5  | Reached skill level 10 in Necromancy
 50372 | Slime:5  | Identified the +1 long sword "Newtslayer" {flame, *Noise
                  | rPois rN+++ Int-5} (You found it on level 5 of the Pits of
                  | Slime)
 50376 | Slime:5  | Identified the ring "Larev" {rPois rC++} (You found it on
                  | level 5 of the Pits of Slime)
 50386 | Slime:5  | Identified the cursed +1 long sword of Guilt {freeze, rN++
                  | Int+3} (You found it on level 5 of the Pits of Slime)
 50400 | Slime:5  | Got a slimy rune of Zot
 50410 | Slime:5  | Identified the ring "Cyamyix" {*Corrode rPois MP+9 Slay+6}
                  | (You found it on level 5 of the Pits of Slime)
 50790 | Vaults:1 | Entered Level 1 of the Vaults
 50900 | Vaults:2 | Reached XP level 21. HP: 108/108 MP: 48/48
 51071 | Vaults:2 | Found Xetyonap's Weapon Emporium.
 51194 | Vaults:3 | Reached skill level 10 in Air Magic
 51332 | Vaults:3 | Found a basalt altar of Yredelemnul.
 51504 | Vaults:3 | Found a staircase to the Crypt.
 51504 | Vaults:3 | Found an ancient bone altar of Kikubaaqudgha.
 51505 | Vaults:3 | Found a basalt altar of Yredelemnul.
 52245 | Vaults:4 | Found a runed translucent door.
 52245 | Vaults:4 | Found a shimmering altar of Xom.
 52245 | Vaults:4 | Noticed Zonian's ghost (adept HOFi)
 52341 | Vaults:5 | Entered Level 5 of the Vaults
 52343 | Vaults:5 | Reached skill level 5 in Armour
 52343 | Vaults:5 | Reached XP level 22. HP: 112/112 MP: 49/49
 52568 | Vaults:5 | Reached skill level 15 in Air Magic
 52570 | Vaults:5 | Noticed an ancient lich
 52573 | Vaults:5 | Noticed an ancient lich
 52573 | Vaults:5 | Noticed a golden dragon
 52574 | Vaults:5 | Killed a golden dragon
 52575 | Vaults:5 | Killed an ancient lich
 52575 | Vaults:5 | Killed an ancient lich
 52607 | Vaults:5 | Learned a level 9 spell: Tornado
 52663 | Vaults:5 | Reached XP level 23. HP: 103/116 MP: 36/51
 52858 | Vaults:5 | Found the +8 glaive of the Guard {elec, spectral, AC+5}
 52906 | Vaults:5 | Got a silver rune of Zot
 53045 | Vaults:5 | Identified the amulet of Baonyh Kahi {Acrobat *Drain +Inv
                  | rPois Str+4} (You found it on level 5 of the Vaults)
 53245 | Crypt:1  | Entered Level 1 of the Crypt
 53690 | Crypt:1  | Found an ancient bone altar of Kikubaaqudgha.
 53741 | Crypt:1  | Noticed Boris
 53743 | Crypt:1  | Killed Boris
 54276 | Crypt:3  | Entered Level 3 of the Crypt
 54289 | Crypt:3  | Reached skill level 5 in Fighting
 55099 | Crypt:3  | Reached skill level 5 in Shields
 55429 | Crypt:3  | Identified the ring of Doors {rN+ Int+4}
 55432 | Crypt:3  | Reached XP level 24. HP: 63/128 MP: 29/51
 55435 | Crypt:3  | Identified the ring of the Messenger {rElec rC+ rN+ Will-
                  | Dex+2}
 55639 | Crypt:3  | Found a basalt altar of Yredelemnul.
 56176 | Depths:1 | Entered Level 1 of the Depths
 56219 | Depths:1 | Found a portal to a secret trove of treasure.
 56241 | Depths:1 | Noticed Arum's ghost (veteran FoFi)
 56241 | Depths:1 | Noticed a juggernaut
 56252 | Depths:1 | Found a transporter.
 56262 | Depths:1 | Found a gateway to a ziggurat.
 56262 | Depths:1 | Noticed an ancient lich
 56266 | Depths:1 | Noticed Jeko's ghost (adept TrMo)
 56267 | Depths:1 | Killed an ancient lich
 56338 | Depths:1 | Found a gateway to Hell.
 56473 | Depths:2 | Found a one-way gate to the infinite horrors of the Abyss.
 56492 | Depths:2 | Found a runed translucent gate.
 56493 | Depths:2 | Found a runed translucent gate.
 56494 | Depths:2 | Found a runed translucent gate.
 56496 | Depths:2 | Noticed Pikuto's ghost (adept MiBe)
 56518 | Depths:2 | Found a magical portal.
 56523 | WizLab   | Entered Zonguldrok's Shrine
 56643 | WizLab   | Noticed an antique lich
 56647 | WizLab   | Killed an antique lich
 56651 | WizLab   | Found the +9 sword of Zonguldrok {reap}
 56667 | WizLab   | Learned a level 2 spell: Blink
 56757 | Depths:2 | Identified the +10 hand axe of Jutid {vorpal, Dex+2} (You
                  | found it on level 2 of the Depths)
 56826 | Depths:2 | Found a one-way gate leading to the halls of Pandemonium.
 56869 | Depths:3 | Found Viushy's Assorted Antiques.
 56872 | Depths:3 | Bought a scroll of amnesia for 119 gold pieces
 56872 | Depths:3 | Bought a scroll of fear for 119 gold pieces
 56872 | Depths:3 | Bought a scroll of identify for 68 gold pieces
 56872 | Depths:3 | Bought a scroll of identify for 68 gold pieces
 56919 | Depths:3 | Acquired a manual of Necromancy
 56953 | Depths:3 | Found a snail-covered altar of Cheibriados.
 56994 | Depths:3 | Reached skill level 15 in Dodging
 57267 | Depths:3 | Reached XP level 25. HP: 115/136 MP: 52/52
 57897 | Depths:4 | Noticed an ancient lich
 57901 | Depths:4 | Killed an ancient lich
 58645 | Depths:5 | Entered Level 5 of the Depths
 58656 | Depths:5 | Found Miadelul's Book Boutique.
 58701 | Depths:5 | Noticed a juggernaut
 58714 | Depths:5 | Killed a juggernaut
 58855 | Depths:5 | Found Reovim's Gadget Boutique.
 58856 | Depths:5 | Found Xiw Nakh's Jewellery Shoppe.
 58856 | Depths:5 | Found Ocwudwos's Jewellery Shoppe.
 58866 | Depths:5 | Bought an uncursed amulet of magic regeneration for 630
                  | gold pieces
 58880 | Depths:5 | Bought a wand of iceblast (9) for 247 gold pieces
 58880 | Depths:5 | Bought a wand of acid (10) for 532 gold pieces
 58888 | Depths:5 | Noticed Boris
 58891 | Depths:5 | Killed Boris
 59031 | Zig:1    | Entered Level 1 of a ziggurat
 59031 | Zig:1    | Noticed a Killer Klown
 59034 | Zig:1    | Killed a Killer Klown
 59035 | Zig:1    | Reached skill level 15 in Necromancy
 59068 | Zig:2    | Entered Level 2 of a ziggurat
 59090 | Zig:3    | Entered Level 3 of a ziggurat
 59093 | Zig:3    | Noticed Gumnolil the pandemonium lord
 59096 | Zig:3    | Killed Gumnolil the pandemonium lord
 59116 | Zig:4    | Entered Level 4 of a ziggurat
 59132 | Zig:4    | Got a sparkling silver ring
 59144 | Zig:4    | Identified the ring of Seot {AC+4 Dex+4} (You found it on
                  | level 4 of a ziggurat)
 59146 | Zig:5    | Entered Level 5 of a ziggurat
 59172 | Zig:6    | Entered Level 6 of a ziggurat
 59211 | Zig:7    | Entered Level 7 of a ziggurat
 59220 | Zig:7    | Reached XP level 26. HP: 141/141 MP: 53/53
 59237 | Zig:7    | Identified the +10 long sword "Paegif" {vorpal, rF+ Int+2
                  | Stlth+} (You found it on level 7 of a ziggurat)
 59242 | Zig:7    | Identified the cursed +0 cloak of the Prince of Darkness
                  | {Dex+7} (You found it on level 7 of a ziggurat)
 59247 | Zig:8    | Entered Level 8 of a ziggurat
 59262 | Zig:8    | Found the ring of Shadows {Umbra +Inv Stlth+}
 59274 | Zig:8    | Identified Sif Muna's Incunabulum of the Voyage and
                  | Confrontation
 59292 | Zig:9    | Entered Level 9 of a ziggurat
 59375 | Zig:10   | Entered Level 10 of a ziggurat
 59421 | Zig:10   | Identified the +1 rapier of Uskayaw's Regard {holy, Str+4}
                  | (You found it on level 10 of a ziggurat)
 59424 | Zig:11   | Entered Level 11 of a ziggurat
 59474 | Zig:12   | Entered Level 12 of a ziggurat
 59505 | Zig:12   | Identified the ring "Xomim" {Str+5 Stlth+} (You found it on
                  | level 12 of a ziggurat)
 59523 | Zig:13   | Entered Level 13 of a ziggurat
 59530 | Zig:13   | Noticed a royal mummy
 59539 | Zig:13   | Killed a royal mummy
 59565 | Zig:13   | Found the +2 cloak of the Thief {*Fog Slay-2 SInv Stlth+}
 59590 | Zig:13   | Identified the +3 falchion "Giemiab" {drain, Will+} (You
                  | found it on level 13 of a ziggurat)
 59601 | Zig:14   | Entered Level 14 of a ziggurat
 59637 | Zig:14   | Noticed Haeseuts the pandemonium lord
 59638 | Zig:14   | Killed Haeseuts the pandemonium lord
 59639 | Zig:14   | Noticed Fosez the pandemonium lord
 59641 | Zig:14   | Killed Fosez the pandemonium lord
 59643 | Zig:14   | Noticed Jefoqeed the pandemonium lord
 59645 | Zig:14   | Killed Jefoqeed the pandemonium lord
 59800 | Zig:14   | Identified the ring "Vetug" {MP+9 Stlth+} (You found it on
                  | level 14 of a ziggurat)
 59825 | Zig:14   | Identified the ring "Kakkeich" {rElec rF+ rCorr Int+2} (You
                  | found it on level 14 of a ziggurat)
 59880 | Zig:15   | Entered Level 15 of a ziggurat
 59898 | Zig:15   | Reached XP level 27. HP: 116/146 MP: 54/54
 59941 | Zig:16   | Entered Level 16 of a ziggurat
 60042 | Zig:16   | Identified the ring "Sociad" {rN+ Dex+2 SInv} (You found it
                  | on level 16 of a ziggurat)
 60058 | Zig:17   | Entered Level 17 of a ziggurat
 60094 | Zig:17   | Found the cursed necklace of Bloodlust {*Rage +Rage Will++
                  | Int-3 Slay+6 *Curse}
 60110 | Zig:17   | Identified the +1 long sword of Aceigraa {protect, rElec
                  | rF+} (You found it on level 17 of a ziggurat)
 60125 | Zig:17   | Identified the amulet "Kizer" {RegenMP Stlth+} (You found
                  | it on level 17 of a ziggurat)
 60160 | Zig:18   | Entered Level 18 of a ziggurat
 60182 | Zig:18   | Reached skill level 27 in Fire Magic
 60211 | Zig:18   | Identified the ring "Ruupnec" {rF+ rN+} (You found it on
                  | level 18 of a ziggurat)
 60230 | Zig:18   | Identified the ring of Wuchoif {*Tele rC- Str+6} (You found
                  | it on level 18 of a ziggurat)
 60243 | Zig:19   | Entered Level 19 of a ziggurat
 60267 | Zig:19   | Reached skill level 27 in Spellcasting
 60289 | Zig:19   | Identified the ring of Sophism {rPois rN+ Will+ Dex+4 SInv}
                  | (You found it on level 19 of a ziggurat)
 60291 | Zig:19   | Identified a +1 pair of boots of running (You found it on
                  | level 19 of a ziggurat)
 60322 | Zig:19   | Identified the Disquisition on Combat Magic
 60333 | Zig:19   | Identified the Grimoire of Vitriolic Conjuration
 60344 | Zig:20   | Entered Level 20 of a ziggurat
 60360 | Zig:20   | Noticed Iruorch the pandemonium lord
 60360 | Zig:20   | Noticed Ofuuxie the pandemonium lord
 60363 | Zig:20   | Noticed Sicw the pandemonium lord
 60364 | Zig:20   | Killed Ofuuxie the pandemonium lord
 60368 | Zig:20   | Killed Iruorch the pandemonium lord
 60373 | Zig:20   | Killed Sicw the pandemonium lord
 60378 | Zig:20   | Noticed Ytofeih the pandemonium lord
 60378 | Zig:20   | Noticed Nuanirad the pandemonium lord
 60379 | Zig:20   | Noticed Vaxil the pandemonium lord
 60379 | Zig:20   | Noticed Qile the pandemonium lord
 60381 | Zig:20   | Noticed Loamyar the pandemonium lord
 60382 | Zig:20   | Killed Ytofeih the pandemonium lord
 60382 | Zig:20   | Killed Qile the pandemonium lord
 60382 | Zig:20   | Killed Nuanirad the pandemonium lord
 60382 | Zig:20   | Noticed Lede the pandemonium lord
 60383 | Zig:20   | Killed Loamyar the pandemonium lord
 60386 | Zig:20   | Noticed Ripnagar the pandemonium lord
 60386 | Zig:20   | Noticed Ofeak the pandemonium lord
 60388 | Zig:20   | Killed Vaxil the pandemonium lord
 60388 | Zig:20   | Killed Lede the pandemonium lord
 60414 | Zig:20   | Killed Ofeak the pandemonium lord
 60453 | Zig:20   | Killed Ripnagar the pandemonium lord
 60619 | Zig:21   | Entered Level 21 of a ziggurat
 60648 | Zig:21   | Found the brooch of Shielding {Spirit SH+8}
 60648 | Zig:21   | Found the +4 moon troll leather armour {Spirit, Regen++
                  | MP+5}
 60648 | Zig:21   | HP: 4/148 [black draconian/bolt of lightning (31)]
 60992 | Zig:21   | Identified the amulet "Xatufude" {RegenMP rElec Str+2} (You
                  | found it on level 21 of a ziggurat)
 61009 | Zig:21   | Learned a level 9 spell: Absolute Zero
 61019 | Zig:21   | Identified the ring of Paranoia {rC- MP+9 Dex+2 Stlth+}
                  | (You found it on level 21 of a ziggurat)
 61031 | Zig:21   | Identified the +1 robe of Prudence {-Cast rCorr Str+9} (You
                  | found it on level 21 of a ziggurat)
 61033 | Zig:22   | Entered Level 22 of a ziggurat
 61052 | Zig:22   | Reached skill level 1 in Ice Magic
 61069 | Zig:22   | Reached skill level 5 in Ice Magic
 61093 | Zig:22   | Identified An Early Guide to Spellweaving
 61113 | Zig:22   | Identified the ring of the Lily {+Fly rPois rC+++ Dex-5}
                  | (You found it on level 22 of a ziggurat)
 61131 | Zig:22   | Identified the Catalogue of Attacks
 61296 | Zig:23   | Entered Level 23 of a ziggurat
 61310 | Zig:23   | Noticed lmSkywalker's ghost (adept DrTm)
 61311 | Zig:23   | Noticed Veodywke's ghost (legendary MiBe)
 61313 | Zig:23   | Noticed Talannal's ghost (legendary GnWz)
 61316 | Zig:23   | Noticed Viocziel's ghost (adept TrMo)
 61318 | Zig:23   | Noticed EricTams's ghost (veteran MiBe)
 61319 | Zig:23   | Killed lmSkywalker's ghost
 61320 | Zig:23   | Noticed Godueg's ghost (veteran HOFi)
 61321 | Zig:23   | Noticed Xuqyot's ghost (legendary DsFi)
 61321 | Zig:23   | Noticed Boduf's ghost (legendary FoHu)
 61321 | Zig:23   | Noticed Veodywke's ghost (legendary MiBe)
 61321 | Zig:23   | Noticed Rueful's ghost (legendary TrWr)
 61322 | Zig:23   | Noticed BerryKnight's ghost (legendary DgFi)
 61323 | Zig:23   | Noticed xzight's ghost (legendary MiBe)
 61326 | Zig:23   | Found the +10 zealot's sword {holy, *Rage rN+ EV+3}
 61340 | Zig:23   | Noticed TuffENuff's ghost (legendary FoFi)
 61342 | Zig:24   | Entered Level 24 of a ziggurat
 61393 | Zig:24   | Noticed an ancient lich
 61397 | Zig:24   | Killed an ancient lich
 61403 | Zig:24   | Noticed an ancient lich
 61406 | Zig:24   | Reached skill level 5 in Stealth
 61406 | Zig:24   | Killed an ancient lich
 61410 | Zig:24   | Noticed an ancient lich
 61413 | Zig:24   | Killed an ancient lich
 61421 | Zig:24   | Noticed an ancient lich
 61424 | Zig:24   | Killed an ancient lich
 61425 | Zig:24   | Noticed an ancient lich
 61427 | Zig:24   | Killed an ancient lich
 61453 | Zig:24   | Identified the amulet of Xom's Ringing Laughter {Reflect
                  | rN+ SH+5} (You found it on level 24 of a ziggurat)
 61464 | Zig:24   | Identified the ring "Umyalail" {rElec rN++ Will- MP+9
                  | Int+6} (You found it on level 24 of a ziggurat)
 61472 | Zig:24   | Identified the ring "Arru" {rF+ rN+ Str-3 Stlth+} (You
                  | found it on level 24 of a ziggurat)
 61475 | Zig:24   | Reached skill level 27 in Conjurations
 61475 | Zig:24   | Reached skill level 10 in Ice Magic
 61478 | Zig:24   | Identified the cursed ring of Ateunteq {rN+ Int-4} (You
                  | found it on level 24 of a ziggurat)
 61492 | Zig:24   | Reached skill level 10 in Stealth
 61647 | Zig:25   | Entered Level 25 of a ziggurat
 61668 | Zig:25   | Reached skill level 1 in Translocations
 62191 | Zig:25   | Identified the amulet "Cumaef" {Acrobat *Contam rPois rC+
                  | Slay+2} (You found it on level 25 of a ziggurat)
 62214 | Zig:26   | Entered Level 26 of a ziggurat
 62235 | Zig:26   | Noticed Shayle's ghost (legendary GnWz)
 62235 | Zig:26   | Noticed Vuopse's ghost (legendary GnIE)
 62252 | Zig:26   | Killed Shayle's ghost
 62256 | Zig:26   | Noticed blexxed's ghost (legendary DsFi)
 62257 | Zig:26   | Noticed frimble's ghost (legendary GrFi)
 62262 | Zig:26   | Noticed Barug's ghost (adept TrMo)
 62263 | Zig:26   | Killed Barug's ghost
 62270 | Zig:26   | Killed from afar by Haitsiopt's ghost

Illustrated notes

Levels and vault maps discovered:
D:1:      matt_arrival_refuge, layout_basic
D:2:      layout_basic, minitemple, chequers_ecumenical_altar_island,
          hangedman_decor_peaks_small, minmay_fractal_squares_5
D:3:      layout_basic, gup_sewer_entry_bowl, minmay_pentomino_pile
D:4:      layout_basic, nicolae_dithmenos_the_darkroom, serial_shops, shop,
          nicolae_shop_window_shopping
D:5:      layout_basic, gammafunk_ghost_cemetery, kennysheep_another_room,
          minmay_misc_feat_secret_circle
D:6:      layout_rooms, nzn_hepliaklqana_mist_gate, kennysheep_generic_room_4,
          uniq_menkaure
D:7:      layout_loops_ring, okawaru_ov_weapons_minmay, kennysheep_little_box,
          minmay_temple_entry_proselytizer, minmay_hollow_rounded_squares
D:8:      layout_basic, erik_lair_orcish_takeover, hangedman_decor_riveting
D:9:      minmay_general_purpose_star, layout_rooms, erik_orc_1,
          nicolae_lava_and_water, elyvilon_altar_1
D:10:     cheibrodos_shockbox, layout_basic, serial_undead, serial_undead_d,
          serial_undead_a, serial_undead_c, serial_undead_b, serial_undead_e,
          serial_undead_f, hangedman_decor_growths, uniq_maggie
D:11:     layout_big_octagon, tgw_xom
D:12:     layout_roguey
D:13:     layout_irregular_city, erik_vaults_2
D:14:     layout_rooms, serial_shops, bzr_entry_gold
D:15:     gammafunk_depths_entry_grave, layout_basic, serial_park_square2,
          nemelex_xobeh_ov_fountains_minmay
Temple:   dshaligram_water_room_temple
Lair:1:   layout_regular_city, serial_bayou, serial_bayou_pond_a,
          serial_bayou_lake_a, serial_bayou_shore_b, serial_bayou_pond_d,
          grunt_megastairs_3, infiniplex_staircase_pool_2
Lair:2:   nzn_winding_woodlands_three_and_one
          [nzn_winding_woodlands_5x15_default,
          nzn_winding_woodlands_5x15_crooked,
          nzn_winding_woodlands_5x15_split_checker,
          nzn_winding_woodlands_center_garden], layout_long_grid,
          portal_ice_cave_entry_imps, uniq_erica
Lair:3:   layout_cave_pods, elwin_shoals_entry_rooms, spider_nest_entry_rubble,
          serial_bayou_shore_b
Lair:4:   layout_cave_pods, grunt_megastairs_4, lemuel_fruit_tree, uniq_snorg,
          uniq_kirke, uniq_rupert
Lair:5:   layout_cellular_growth, basic_altar
Lair:6:   due_jungle_book, layout_concentric_octagons,
          minmay_slime_entry_pillars, grunt_megastairs_5
Shoals:1: layout_shoals, nicolae_shoals_water_elemental_grotto
Shoals:2: layout_shoals, nicolae_shoals_arrival_archipelago
Shoals:3: layout_shoals
Shoals:4: shoals_end_simple, layout_shoals, abandoned_shop,
          nicolae_shoals_drake_roost
Spider:1: layout_spider_delve
Spider:2: layout_spider_delve, hangedman_spider_tarantella_strand,
          nicolae_spider_cling_halls, uniq_arachne
Spider:3: layout_spider_delve
Spider:4: grunt_spider_rune_circles, ebering_ghost_disaster_area, uniq_louise,
          uniq_agnes, uniq_aizul, uniq_bai_suzhen
Slime:1:  nicolae_slime_jelly_donut, layout_caves
Slime:2:  layout_caves, uniq_dissolution
Slime:3:  layout_caves
Slime:4:  cheibrodos_slime_lost_civilization_1, layout_caves
Slime:5
Orc:1:    layout_caves, uniq_sonja, uniq_harold, uniq_josephine, uniq_fannar
Orc:2:    st_orc_mages, layout_caves
Elf:1:    elf_arrival_001, layout_geoelf_grid,
          hangedman_elven_crosses_minicolossus, minivault_25_ag
Elf:2:    layout_loops_ring, serial_sigils, serial_sigils_hangedman_gut,
          serial_sigils_hangedman_writhe, serial_sigils_hangedman_gut,
          uniq_saint_roka
Elf:3:    minmay_elf_hall_not_hex, layout_geoelf_octagon, uniq_roxanne
Vaults:1: ontoclasm_vaults_claustrophobia, vaults_room_stairs_pillars,
          v_misc_10, ontoclasm_vaults_eye, vaults_standard_mumra_lines,
          ontoclasm_vaults_twist, nicolae_vaults_stairing_the_circle, v_misc_4,
          vaults_room_semicircle, ontoclasm_vaults_tryst, vaults_room_grid,
          vaults_room_semicircle, nicolae_vaults_yaktaur_gun_rack,
          layout_vaults_ring, uniq_asterion
Vaults:2: nicolae_vaults_network_star, nicolae_vaults_rhombus_6,
          hangedman_vaults_cutoff, v_misc_26, vaults_room_corners,
          nicolae_vaults_rhombus_7, v_misc_23, dpeg_vaults_monster_box,
          layout_vaults_quadrants
Vaults:3: minmay_crypt_entry_necro_gods, ontoclasm_vaults_shuriken,
          ontoclasm_vaults_shout, ontoclasm_vaults_gateway, vaults_dpeg_hooks,
          vaults_room_pool, layout_vaults_big_room, basic_altar
Vaults:4: ebering_vaults_ghost_xom, ontoclasm_vaults_pinch,
          nicolae_vaults_diagonal_hallway_6, v_misc_19,
          hangedman_vaults_river_flow, v_alt_pattern_6,
          ontoclasm_vaults_misaligned, vaults_standard_mumra_x,
          nicolae_vaults_little_squares_2, hangedman_vaults_variations,
          grunt_vaults_bifocal, vaults_dpeg_spiral, hangedman_vaults_maws,
          hangedman_vaults_stretched_pinwheel, vaults_dpeg_ring,
          layout_vaults_maze_bifur
Vaults:5: serial_shops
Crypt:1:  layout_gridlike, basic_altar, uniq_boris
Crypt:2:  layout_rooms
Crypt:3:  church_of_pain_bobbens, layout_chaotic_city,
          tomb_entry_simple_bobbens, st_stairs_6
Depths:1: layout_gridlike, enter_ziggurat_d, enter_trove_1, nzn_ghost_randoct,
          hangedman_decor_diamond_cutter, special_room
          [special_room_magic_class], hell_entry, st_stairs_9,
          lightli_corner_chamber, uniq_enchantress
Depths:2: mu_elephants_graveyard, layout_basic, mu_enter_wizlab_2,
          gammafunk_ghost_split, hell_entry, pan_entry, abyss_entry,
          kennysheep_two_boxes, infiniplex_staircase_pool_lava
Depths:3: minmay_central_circle, layout_honeycomb, serial_shops,
          nicolae_shop_behind_doors, minmay_room_of_horrors,
          rand_demon_pan_entry_8, hell_entry, solitary_fountain,
          cheibriados_altar_1, serial_bayou_shore_a, uniq_margery
Depths:4: hangedman_crystal_crosses_colossus [crystal_crosses_arms_four,
          crystal_crosses_arms_two, crystal_crosses_arms_one,
          crystal_crosses_arms_one], hell_entry, abyss_entry
Depths:5: evilmike_zot_entry_gauntlet, layout_cave_pools, serial_shops,
          nicolae_shop_window_shopping, lightli_too_deep,
          ebering_ghost_rock_garden, ebering_dispersal_statue_hall,
          minmay_shop_grove
Zig:26

Skill      XL: |  1  2  3  4  5  6  7  8  9 10 11 12 13 14 15 16 17 18 19 20 21 22 23 24 25 26 27 |
---------------+----------------------------------------------------------------------------------+-----
Fire Magic     | 4 5 6 8 9 10 12 14 15 16 17 18 19 21 22 23 24 25 27 | 27.0
Conjurations   | 2 3 4 5 6 7 8 10 11 12 13 14 15 16 17 18 19 20 21 27 | 27.0
Spellcasting   | 4 5 6 8 9 10 12 13 14 16 17 18 19 20 21 22 23 24 25 27 | 27.0
Fighting       | 2 4 6 8 9 |  9.4
Dodging        | 5 8 10 12 13 15 16 | 16.0
Stealth        | 3 11 | 11.3
Evocations     | 2 4 6 7 8 10 11 12 13 | 13.2
Armour         | 2 4 5 6 7 8 |  8.5
Shields        | 2 4 5 6 7 |  7.0
Air Magic      | 6 12 17 18 19 20 | 20.0
Necromancy     | 3 7 10 11 15 16 | 16.0
Ice Magic      | 14 | 14.0
Translocations | 4 |  4.8

Action                   |  1- 3 |  4- 6 |  7- 9 | 10-12 | 13-15 | 16-18 | 19-21 | 22-24 | 25-27 || total
-------------------------+-------+-------+-------+-------+-------+-------+-------+-------+-------++-------
Melee: Unarmed           |     1 |     4 |       |       |       |       |       |       |       ||     5
       Dagger            |       |       |     8 |    18 |    12 |       |     4 |     1 |       ||    43
       Staff             |       |       |       |       |    15 |    13 |       |       |     1 ||    29
 Cast: Foxfire           |    89 |   166 |   290 |   488 |   445 |    61 |       |       |       ||  1539
       Conjure Flame     |       |     1 |     1 |     3 |     2 |       |       |       |       ||     7
       Sticky Flame      |       |       |    14 |    24 |    39 |    17 |       |       |       ||    94
       Fireball          |       |       |     7 |   147 |   362 |   302 |    60 |     4 |       ||   882
       Shock             |       |       |       |    37 |     7 |    35 |     1 |       |       ||    80
       Starburst         |       |       |       |       |    27 |     2 |     3 |     7 |       ||    39
       Iskenderun's Batt |       |       |       |       |    20 |    47 |       |       |       ||    67
       Airstrike         |       |       |       |       |       |    32 |       |       |       ||    32
       Mephitic Cloud    |       |       |       |       |       |     4 |       |       |       ||     4
       Magic Dart        |       |       |       |       |       |    39 |       |       |       ||    39
       Ignition          |       |       |       |       |       |    15 |     7 |    23 |     2 ||    47
       Iskenderun's Myst |       |       |       |       |       |     5 |       |       |       ||     5
       Orb of Destructio |       |       |       |       |       |    26 |    14 |     8 |    36 ||    84
       Fire Storm        |       |       |       |       |       |    22 |   266 |   302 |   427 ||  1017
       Sublimation of Bl |       |       |       |       |       |    10 |    64 |    43 |    39 ||   156
       Tornado           |       |       |       |       |       |       |       |    12 |     6 ||    18
       Blink             |       |       |       |       |       |       |       |     2 |     2 ||     4
Evoke: Wand              |       |       |     1 |     8 |    11 |    11 |       |     1 |       ||    32
  Use: Potion            |       |       |     1 |       |       |     2 |     2 |    11 |    17 ||    33
       Scroll            |       |       |       |    20 |    10 |    15 |    19 |    11 |    39 ||   114
 Stab: Sleeping          |       |       |       |     1 |       |       |       |       |       ||     1
Armor: Robe              |     1 |       |     3 |     6 |     6 |     1 |       |     1 |     3 ||    21
       Leather armour    |       |       |       |       |    11 |     5 |     4 |     4 |     1 ||    25
       Skin              |       |       |       |       |       |       |       |       |     3 ||     3
Dodge: Dodged            |    10 |    20 |    71 |   141 |   169 |    70 |    43 |    37 |    39 ||   600
       Repelled          |       |       |       |     3 |     5 |     7 |     4 |       |     4 ||    23
Block: Buckler           |       |       |       |       |    50 |    18 |    34 |    24 |    11 ||   137
       Reflection        |       |       |       |       |       |     1 |    14 |     5 |     1 ||    21
